 Dungeon Crawl Stone Soup version 0.19.3-4-gbf9329e (console) character file.

85 Kloppie the Skirmisher (level 4, 0/38 HPs)
             Began as a Formicid Fighter on Jan 28, 2017.
             Slain by a gnoll
             ... wielding a cursed +0 spear
              (5 damage)
             ... on level 2 of the Dungeon.
             The game lasted 00:01:56 (1028 turns).

Kloppie the Skirmisher (Formicid Fighter)           Turns: 1028, Time: 00:01:56

Health: 0/38       AC:  6    Str: 25    XL:     4   Next: 75%
Magic:  4/4        EV:  8    Int:  8    God:
Gold:   38         SH: 10    Dex: 11    Spells: 0 memorised, 3 levels left

rFire  . . .     SeeInvis +     a - +0 war axe
rCold  . . .     Gourm    .     b - +0 scale mail
rNeg   . . .     Faith    .     c - +0 shield
rPois  .         Spirit   .     (helmet unavailable)
rElec  .         Reflect  .     (no cloak)
rCorr  .         Harm     .     (no gloves)
MR     .....                    (no boots)
Stlth  ..........               (no amulet)
                                (no ring)
                                (no ring)

@: mighty
A: permanent stasis, dig shafts and tunnels, four strong arms, antennae 3
a: Dig, Shaft Self


You were on level 2 of the Dungeon.
You were not hungry.

You visited 1 branch of the dungeon, and saw 2 of its levels.

You collected 38 gold pieces.

Inventory:

Hand Weapons
 a - a +0 war axe (weapon)
Armour
 b - a +0 scale mail (worn)
 c - a +0 shield (worn)
Jewellery
 e - an uncursed ring of poison resistance {unknown}
Scrolls
 l - 2 scrolls of identify {unknown}
 m - a scroll of enchant armour {unknown}
 n - a scroll of blinking {unknown}
 o - a scroll of remove curse {unknown}
Potions
 i - a potion of heal wounds {unknown}
 j - a potion of resistance {unknown}
 k - 3 potions of curing {unknown}
Comestibles
 f - 2 bread rations
 g - 7 chunks of flesh
 h - a royal jelly


   Skills:
 * Level 4.8 Fighting
 + Level 3.2 Axes
 - Level 3.2 Armour
 - Level 3.6 Shields


You had 3 spell levels left.
You didn't know any spells.

Dungeon Overview and Level Annotations

Branches:
Dungeon (2/15)

Altars:
Hepliaklqana


Innate Abilities, Weirdness & Mutations

You are under a permanent stasis effect.
You can dig through walls and to a lower floor.
Your four strong arms can wield two-handed weapons with a shield.
You have a pair of large antennae on your head. (SInv)


Message History

* * * LOW HITPOINT WARNING * * *
The gnoll hits you but does no damage.
You completely miss the gnoll.
The gnoll is moderately wounded.
The gnoll hits you but does no damage. The gnoll hits you with a spear.
* * * LOW HITPOINT WARNING * * *
You are too injured to fight recklessly!
You barely miss the gnoll.
The gnoll is moderately wounded.
The gnoll hits you but does no damage. The gnoll hits you with a spear.
* * * LOW HITPOINT WARNING * * *
The gnoll hits you from afar with a spear.
* * * LOW HITPOINT WARNING * * *
The gnoll barely misses you. You block the gnoll's attack.
You slash the gnoll!
The gnoll is almost dead.
You block the gnoll's attack. The gnoll barely misses you.
You block the gnoll's attack.
The gnoll hits you from afar with a spear.
You die...

..+ #.# ###
#.# #.# #.#
####.####
###.......#
#.gg...##.#
#.#{#####{#
#@#.# #g#
#.#.# #g#
#.#.. {.#
#.### ###
..# ###


You could see a gnoll.

Vanquished Creatures
  3 adders (D:2)
  2 worms (D:2)
  2 dart slugs
  2 leopard geckos (D:2)
  2 giant cockroaches
  8 goblins
  5 hobgoblins
  3 kobolds (D:1)
  8 bats
  4 frilled lizards
  7 rats
46 creatures vanquished.

Notes
Turn   | Place    | Note
-------+----------+-------------------------------------------
     0 | D:1      | Kloppie the Formicid Fighter began the quest for the Orb.
     0 | D:1      | Reached XP level 1. HP: 18/18 MP: 1/1
   141 | D:1      | Reached XP level 2. HP: 20/24 MP: 2/2
   357 | D:1      | Reached XP level 3. HP: 29/30 MP: 3/3
   429 | D:1      | Reached skill level 4 in Fighting
   562 | D:2      | Found a faded altar of an unknown god.
   687 | D:2      | Reached XP level 4. HP: 25/38 MP: 4/4
   966 | D:2      | Found a hazy altar of Hepliaklqana.
  1028 | D:2      | Slain by a gnoll

Skill      XL: |  1  2  3 |
---------------+----------+-----
Fighting       | 4 |  4.8
Axes           | 3 |  3.2
Armour         | |  3.2
Shields        | |  3.6

Action                   |  1- 3 |  4- 6 || total
-------------------------+-------+-------++-------
Melee: War axe           |   115 |    45 ||   160
  Use: Potion            |       |     1 ||     1
  Eat: Chunk             |       |     1 ||     1
Armor: Scale mail        |    64 |    23 ||    87
Dodge: Dodged            |    25 |    19 ||    44
Block: Shield            |    58 |    27 ||    85
